 Dungeon Sprint DCSS version 0.19.0-22-gd96e5fe (webtiles) character file.

14 equalderp2856 the Scratcher (level 2, -3/15 HPs)
             Began as a Felid Fighter on Nov 18, 2016.
             Slain by a human (7 damage)
             ... in the Dungeon (Sprint III: "The Ten Rune Challenge").
             The game lasted 00:00:59 (396 turns).

equalderp2856 the Scratcher (Felid Fighter)          Turns: 396, Time: 00:01:00

Health: -3/15      AC:  1    Str: 12    XL:     2   Next: 31%
Magic:  3/3        EV: 19    Int:  9    God:
Gold:   12         SH:  0    Dex: 15    Spells: 0 memorised, 1 level left
                                        Lives:  0   Deaths: 0

rFire  . . .     SeeInvis +       - Unarmed
rCold  . . .     Gourm    .     (armour unavailable)
rNeg   . . .     Faith    .     (shield unavailable)
rPois  .         Spirit   .     (helmet unavailable)
rElec  .         Reflect  .     (cloak unavailable)
rCorr  .         Harm     .     (gloves unavailable)
MR     .....     NoTele   +     (boots unavailable)
Stlth  ++........               (no amulet)
                                (no ring)
                                (no ring)

@: quick
A: no armour, no weapons or thrown items, stealth, claws 1, fangs 3, see
invisible, carnivore 3, speed 1, shaggy fur 1, slow metabolism 1, sharp paws
a: no special abilities


You were in the Dungeon.
You were not hungry.

You visited 1 branch You collected 12 gold pieces.

Inventory:

Scrolls
 h - a scroll of blinking
 i - a scroll of recharging {unknown}
Potions
 a - a potion of might
 c - a potion of curing
 d - a potion of heal wounds
 e - a potion of haste
 f - 2 potions of magic
 g - a potion of berserk rage
Comestibles
 b - a meat ration


   Skills:
 + Level 3.8 Fighting
 + Level 4.5 Dodging
 * Level 1.7 Stealth
 + Level 5.3 Unarmed Combat


You had one spell level left.
You didn't know any spells.

Dungeon Overview and Level Annotations

Branches:
Dungeon (1/1)

Altars:


Innate Abilities, Weirdness & Mutations

You cannot wear armour.
You are incapable of wielding weapons or throwing items.
Your paws allow you to move quietly. (Stealth)
You have sharp claws.
You have razor-sharp teeth.
You have supernaturally acute eyesight. (SInv)
You are carnivorous and can eat meat at any time.
You cover ground quickly.
You are covered in fur. (AC +1)
You have a slow metabolism.
Your sharp claws are effective at attacking unaware monsters.


Message History

The human closely misses you.
You miss the human.
The human is moderately wounded.
The human completely misses you.
You claw the human! Your bite misses the human.
The human is heavily wounded.
The human hits you.
* * * LOW HITPOINT WARNING * * *
You closely miss the human. Your bite misses the human.
The human is heavily wounded.
The human misses you.
You scratch the human.
The human is heavily wounded.
You completely miss the human.
The human is heavily wounded.
The human closely misses you.
You claw the human!
The human is almost dead.
The human hits you!
You die...

▓#'####....♣.
▓.....#....≈♣♣♣♣ .#
▓.....#...≈≈.♣..♣.#
▓.....#..≈≈≈≈♣....+
▓####'#..≈≈≈≈≈≈♣..#
▓.....#.≈≈≈≈≈≈....#
▓.....#.≈≈≈≈≈.....#
▓.....#.≈≈≈....p..#
▓'#####.......@...#
▓.................#
▓▓▓▓▓▓▓▓▓▓▓▓▓▓▓▓▓▓▓


You could see a human.

Vanquished Creatures
  2 oozes (D)
  A phantom (D)
  2 rats (D)
5 creatures vanquished.

Vanquished Creatures (others)
  2 draconian scorchers (D)
  6 hellions (D)
  A yaktaur (D)
  A plant (D)
10 creatures vanquished.

Grand Total: 15 creatures vanquished

Notes
Turn   | Place    | Note
-------+----------+-------------------------------------------
     0 | D        | equalderp2856 the Felid Fighter began the quest for the Orb.
     0 | D        | Reached XP level 1. HP: 10/10 MP: 2/2
     5 | D        | Reached skill level 1 in Stealth
    10 | D        | Reached skill level 5 in Unarmed Combat
    10 | D        | Reached XP level 2. HP: 14/14 MP: 3/3
    92 | D        | Killed a hellion
   120 | D        | Killed a hellion
   120 | D        | Killed a hellion
   122 | D        | Killed a hellion
   147 | D        | Killed a hellion
   173 | D        | Killed a hellion
   182 | D        | Killed a white draconian scorcher
   199 | D        | Killed a yaktaur
   232 | D        | Killed a white draconian scorcher
   396 | D        | Slain by a human

Skill      XL: |  1 |
---------------+----+-----
Stealth        | 1 |  1.7
Unarmed Combat | 5 |  5.3
Fighting       | |  3.8
Dodging        | |  4.5

Action                   || total
-------------------------++-------
Melee: Unarmed           ||    29
       Bite              ||     2
 Stab: Sleeping          ||     3
  Eat: Chunk             ||     1
Dodge: Dodged            ||    16
